AoeStats
← lord pingostini

Black Forest

506517102Analyzed
4v4 RM · 18d ago on Sep 13, 2026· 60m 54s· 8 players
Game mode
Random Map
Map size
Large (8 player)
Population
200
Speed
Normal
Resources
Standard
Victory
Conquest
Starting age
Dark Age
Ending age
Imperial Age
RankedLock teamsTeams togetherTeam positionsShared explorationLock speedFull tech treeHidden civsTurbo modeCheats
Victory
Defeat
🇵🇰 Khmer · Pakistan
1165
+13
🇵🇰 Jurchens · Pakistan
1135
+14
🇦🇷 Persians · Argentina
1118
+15
🇵🇰 Japanese · Pakistan
802
+27
🇦🇷 Spanish · Argentina
1153
-20
🇨🇴 Portuguese · Colombia
1132
-19
🇵🇪 Lithuanians · Peru
1080
-17
🇵🇪 Inca · Peru
979
-13
Chkn
0:29 Loom
15:05 Feudal Age
18:10 Castle Age
17:03 Double-Bit Axe
19:44 Bow Saw
19:27 Stone Mining
23:55 Town Watch
35:08 Imperial Age
36:52 Heavy Scorpion
39:08 Fletching
47:54 Double Crossbow
57:53 Chemistry
57:13 Ballistics
KGUY1
0:32 Loom
11:21 Feudal Age
12:33 Double-Bit Axe
15:43 Castle Age
14:51 Horse Collar
18:14 Bow Saw
21:58 Wheelbarrow
24:03 Hand Cart
24:30 Heavy Plow
26:31 Stone Mining
26:58 Scale Barding Armor
28:04 Stone Shaft Mining
27:22 Gold Mining
31:48 Imperial Age
29:04 Town Watch
30:09 Gold Shaft Mining
30:32 Murder Holes
30:58 Ballistics
30:57 Forging
31:08 Chain Barding Armor
31:52 Fervor
32:28 Iron Casting
33:40 Chemistry
32:51 Masonry
32:12 Elite War Elephant
33:13 Conscription
33:53 Plate Barding Armor
35:01 Citadels
35:37 Bloodlines
35:28 Husbandry
36:01 Architecture
36:25 Crop Rotation
38:29 Two-Man Saw
39:52 Blast Furnace
44:31 Hoardings
43:58 Kamandaran
rookister
13:22 Feudal Age
12:28 Loom
18:19 Castle Age
18:59 Forging
18:49 Scale Mail Armor
20:15 Iron Casting
20:44 Chain Mail Armor
39:24 Imperial Age
39:22 Squires
39:10 Arson
39:41 Elite Samurai
42:11 Blast Furnace
42:25 Plate Mail Armor
stink
0:28 Loom
12:39 Feudal Age
17:23 Castle Age
15:17 Double-Bit Axe
16:22 Gold Mining
17:01 Horse Collar
26:09 Bow Saw
26:49 Stone Mining
27:36 Heavy Plow
30:30 Wheelbarrow
31:52 Gold Shaft Mining
35:15 Imperial Age
36:56 Chemistry
37:45 Thunderclap Bombs
37:56 Conscription
37:49 Siege Engineers
47:09 Two-Man Saw
46:44 Crop Rotation
46:36 Hand Cart
46:35 Padded Archer Armor
46:28 Fletching
48:16 Leather Archer Armor
52:57 Ring Archer Armor
braysonyt
0:29 Loom
13:03 Feudal Age
18:00 Castle Age
15:53 Horse Collar
17:17 Double-Bit Axe
17:23 Double-Bit Axe
17:48 Stone Mining
20:32 Town Watch
34:48 Heavy Plow
35:53 Bow Saw
39:39 Imperial Age
37:44 Town Patrol
38:43 Gold Mining
39:14 Scale Barding Armor
39:51 Onager
41:14 Stone Shaft Mining
41:21 Chain Barding Armor
41:12 Forging
42:45 Fortified Wall
43:47 Chemistry
43:58 Plate Barding Armor
51:00 Light Cavalry
51:51 Bloodlines
51:41 Husbandry
51:59 Winged Hussar
Camikthesr13
0:29 Loom
11:25 Feudal Age
12:09 Horse Collar
12:16 Double-Bit Axe
18:51 Gold Mining
21:30 Castle Age
19:59 Stone Mining
23:32 Wheelbarrow
23:21 Bow Saw
23:13 Heavy Plow
23:17 Caravan
24:33 Fletching
25:11 Town Watch
26:26 Stone Shaft Mining
28:11 Hand Cart
30:10 Town Patrol
31:19 Crossbowman
32:04 Thumb Ring
34:49 Fortified Wall
37:20 Imperial Age
34:12 Pikeman
34:38 Arson
34:16 Elite Skirmisher
34:58 Padded Archer Armor
34:53 Bodkin Arrow
35:09 Forging
34:59 Scale Mail Armor
35:45 Ballistics
35:06 Treadmill Crane
36:44 Masonry
39:19 Bracer
39:34 Leather Archer Armor
39:55 Iron Casting
39:20 Scale Mail Armor
38:42 Arbalester
40:37 Two-Man Saw
40:09 Crop Rotation
41:36 Chemistry
41:08 Architecture
40:44 Siege Engineers
43:08 Arquebus
43:29 Conscription
44:29 Sanctity
44:27 Block Printing
44:24 Fervor
46:29 Redemption
45:53 Halberdier
49:20 Theocracy
Manu
0:45 Loom
15:10 Feudal Age
15:45 Double-Bit Axe
17:36 Horse Collar
22:12 Castle Age
20:23 Stone Mining
20:47 Gold Mining
23:51 Caravan
26:24 Wheelbarrow
32:05 Padded Archer Armor
33:32 Squires
34:13 Heavy Plow
33:49 Pikeman
35:09 Forging
35:00 Scale Mail Armor
35:55 Scale Mail Armor
36:36 Fortified Wall
36:38 Masonry
37:31 Chain Mail Armor
41:00 Iron Casting
40:57 Murder Holes
41:15 Fletching
41:43 Leather Archer Armor
49:19 Imperial Age
48:28 Bow Saw
54:09 Hand Cart
54:47 Town Watch
58:01 Plate Mail Armor
58:32 Blast Furnace
lord pingostini
12:49 Feudal Age
17:49 Castle Age
17:02 Double-Bit Axe
17:02 Horse Collar
19:15 Bow Saw
20:19 Heavy Plow
28:43 Forging
29:23 Champi Runner
30:59 Wheelbarrow
30:36 Champi Warrior
33:06 Iron Casting
34:59 Thumb Ring
36:26 Fletching
36:37 Padded Archer Armor
36:38 Scale Mail Armor
41:59 Imperial Age
40:40 Gold Mining
42:03 Elite Champi Warrior
43:09 Chain Mail Armor
43:43 Capped Ram
45:02 Siege Ram
49:05 Squires
48:26 Pikeman
49:28 Halberdier
Connection lost

Rejoining the realm…

Still unreachable

The connection could not be restored.

Session expired

The server has moved on; the page needs a fresh start.